 Dungeon Crawl Stone Soup version 0.27-a0-419-g7a85846853 (webtiles) character file.

Game seed: 2756662672367321526

1 Chiseanne the Cutter (level 1, 0/15 HPs)
             Began as a Demonspawn Wanderer on Feb 26, 2021.
             Slain by a jackal (1 damage)
             ... on level 1 of the Dungeon.
             The game lasted 00:00:22 (195 turns).

Chiseanne the Cutter (Demonspawn Wanderer)           Turns: 195, Time: 00:00:22

Health: 0/15       AC:  2    Str: 10    XL:     1   Next: 16%
Magic:  2/2        EV: 11    Int: 13    God:
Gold:   0          SH:  0    Dex: 14    Spells: 1/2 levels left

rFire    . . .     SeeInvis .   a - +2 short sword
rCold    . . .     Faith    .   (no shield)
rNeg     . . .     Spirit   .   d - +0 robe
rPois    .         Reflect  .   (no helmet)
rElec    .         Harm     .   (no cloak)
rCorr    .         Rampage  .   (no gloves)
Will     .....                  (no boots)
Stlth    ++........             (no amulet)
HPRegen  0.05/turn              (no ring)
MPRegen  0.08/turn              (no ring)

@: no status effects
A: no striking features
a: no special abilities


You were on level 1 of the Dungeon.
You visited 1 branch of the dungeon, and saw 1 of its levels.

Inventory:

Hand Weapons
 a - a +2 short sword (weapon)
Missiles
 c - 5 stones
Armour
 d - a +0 robe (worn)
Potions
 b - a potion of lignification


   Skills:
 * Level 1.1 Fighting
 - Level 2.6 Short Blades
 * Level 0.1 Dodging
 - Level 1.0 Stealth
 - Level 1.0 Spellcasting
 - Level 1.0 Summonings
 - Level 1.1 Necromancy
 - Level 2.0 Evocations


You had one spell level left.
You knew the following spells:

 Your Spells              Type           Power        Failure   Level
a - Apportation           Tloc           0%           28%         1

Your spell library contained the following spells:

 Spells                   Type           Power        Failure   Level
 Gell's Gravitas          Tloc           0%           63%         3


Dungeon Overview and Level Annotations

Branches:
Dungeon (1/15)

Altars:


Message History

The jackal is heavily wounded.
The leopard gecko hisses angrily.
The jackal closely misses you. The jackal bites you. x3
* * * LOW HITPOINT WARNING * * *
The jackal bites you but does no damage. x2
A kobold comes into view.
You are too injured to fight recklessly!
You are too injured to fight recklessly!
You are too injured to fight recklessly!
You are too injured to fight recklessly!
You are too injured to fight recklessly!
You are too injured to fight recklessly!
You are too injured to fight recklessly!
You are too injured to fight recklessly!
You are too injured to fight recklessly!
You are too injured to fight recklessly!
You are too injured to fight recklessly!
You are too injured to fight recklessly!
You are too injured to fight recklessly!
You are too injured to fight recklessly!
You are too injured to fight recklessly!
The jackal closely misses you. The jackal barely misses you.
You see here a kobold corpse.
The jackal barely misses you.
You closely miss the jackal.
The jackal is heavily wounded.
The jackal bites you.
* * * LOW HITPOINT WARNING * * *
You closely miss the jackal.
The jackal is heavily wounded.
The jackal bites you.
* * * LOW HITPOINT WARNING * * *
You barely miss the jackal.
The jackal is heavily wounded.
The jackal closely misses you.
You hit the jackal.
The jackal is severely wounded.
The jackal bites you.
You die...

.#.......# #..........#....#
...8.#.#.# #..........#....#
#....#.#.# #................
#..###.#.# #.....l##h.......
#......#.# #......##...l.!..
########.########......##........
#.......##......##........
###.....#####.####........
#.....'@hhhl# #........
#.....####### #........ #.....#
...#..... #.....# ##.##.#...
#.....# ###.#.# ....# ##.#.#


You could see a leopard gecko and 3 jackals.

Vanquished Creatures
  A kobold (D:1)
1 creature vanquished.

Notes
Turn   | Place    | Note
-------+----------+-------------------------------------------
     0 | D:1      | Chiseanne the Demonspawn Wanderer began the quest for the
                  | Orb.
     0 | D:1      | Chiseanne set off with the following items: a +2 short
                  | sword, a potion of lignification, a +0 robe; and the
                  | following spell memorised: Apportation; and the following
                  | spells available to memorise: Gell's Gravitas
     0 | D:1      | Reached XP level 1. HP: 15/15 MP: 2/2
   195 | D:1      | Slain by a jackal

Illustrated notes

Levels and vault maps discovered:
D:1:      dpeg_arrival_court, layout_basic

Action                   || total
-------------------------++-------
Melee: Short sword       ||    18
Armor: Robe              ||     6
Dodge: Dodged            ||    13

Table legend: (Time is in decaauts)
 A = Elapsed time spent in this place.
 B = Non-inter-level travel time spent in this place.
 C = Inter-level travel time spent in this place.
 D = Time resting spent in this place.
 E = Time spent auto-exploring this place.
 F = Levels seen in this place.
 G = Mean time per level.
                   A        B        C        D        E       F      G
               +--------+--------+--------+--------+--------+-----+--------+
         Total |    194 |    194 |      0 |      0 |    153 |   1 |  194.0 |
       Dungeon |    194 |    194 |      0 |      0 |    153 |   1 |  194.0 |
               +--------+--------+--------+--------+--------+-----+--------+

Top non-repeatable levels by time:
     D:1: 194 daAuts
